 Dungeon Crawl Stone Soup version 0.29.1-2-gbd0b4ee654 (webtiles) character file.

Game seed: 4134972730974268524

318 KittyFluff the Cudgeller (level 6, -4/39 HPs)
             Began as a Gargoyle Berserker on Nov 1, 2022.
             Was a Believer of Trog.
             Slain by a gnoll
             ... wielding a +0 halberd
             ... led by a gnoll bouda
              (5 damage)
             ... on level 4 of the Dungeon.
             The game lasted 00:18:11 (3233 turns).

KittyFluff the Cudgeller (Gargoyle Berserker)       Turns: 3233, Time: 00:18:12

Health: -4/39      AC:  8    Str: 20    XL:     6   Next: 45%
Magic:  6/6        EV: 12    Int:  8    God:    Trog [**....]
Gold:   165        SH:  5    Dex: 11    Spells: 5/5 levels left

rFire   . . .      SeeInvis .   t - +4 quarterstaff (chaos)
rCold   . . .      Faith    .   (shield currently unavailable)
rNeg    + . .      Spirit   .   b - +0 animal skin
rPois   ∞          Reflect  +   (no helmet)
rElec   +          Harm     .   u - +0 cloak
rCorr   .          Rampage  .   x - +0 pair of gloves
Will    .....                   (no boots)
Stlth   ++........              q - amulet of reflection
HPRegen 0.13/turn               (no ring)
MPRegen 0.10/turn               (no ring)

@: on berserk cooldown, slowed, very slow
A: sickness immunity, AC +4, negative energy resistance 1, electricity
resistance, torment resistance 1, petrification resistance
a: Renounce Religion, Berserk, Trog's Hand


You were on level 4 of the Dungeon.
You worshipped Trog.
Trog was pleased with you.
You visited 1 branch of the dungeon, and saw 4 of its levels.

You collected 165 gold pieces.

Inventory:

Hand Weapons
 c - a +0 vorpal mace
 t - a +4 quarterstaff of chaos (weapon)
 w - a +0 quarterstaff
Missiles
 i - 7 poisoned darts
 n - 6 boomerangs (quivered)
Armour
 b - a +0 animal skin (worn)
 h - a +0 leather armour
 u - a +0 cloak (worn)
 x - a +0 pair of gloves (worn)
Jewellery
 q - an amulet of reflection (around neck)
Wands
 y - a wand of acid (11)
Scrolls
 e - a scroll of enchant weapon {unknown}
 f - a scroll of poison {unknown}
 g - 2 scrolls of magic mapping {unknown}
 j - a scroll of amnesia {unknown}
 k - 2 scrolls of immolation
 l - 3 scrolls of teleportation {unknown}
 o - a scroll of silence {unknown}
 r - a scroll of acquirement {unknown}
 s - a scroll of vulnerability {unknown}
 v - a scroll of summoning {unknown}
Potions
 a - 2 potions of curing
 d - a potion of cancellation
 m - a potion of flight
 p - a potion of magic
 z - a potion of heal wounds {unknown}
 A - a potion of lignification {unknown}


   Skills:
 + Level 4.4 Fighting
 + Level 4.8(5.1) Maces & Flails
 * Level 2.1(3.7) Staves
 + Level 2.1 Armour
 + Level 2.8 Dodging
 + Level 1.4 Stealth
 + Level 0.9 Shields


You had 5 spell levels left.
You didn't know any spells.
Your spell library was empty.

Dungeon Overview and Level Annotations

Branches:
Dungeon (4/15)
 Temple: D:4-7

Altars:
Hepliaklqana
Zin

Shops:
D:1 [   D:4 [**


Innate Abilities, Weirdness & Mutations

You are immune to sickness and miasma.
Your stone body is resilient. (AC +4)
You are immune to poison.
You resist negative energy. (rN+)
You are resistant to electric shocks. (rElec)
You are resistant to unholy torment.
You are immune to petrification.


Message History

The gnoll is almost dead.
The gnoll closely misses you. x2
You barely miss the gnoll.
The gnoll is almost dead.
The gnoll hits you but does no damage. The gnoll hits you with a +0 flail!
Okay, then.
A red film seems to cover your vision as you go berserk!
You feel yourself moving faster!
You feel mighty! The gnoll barely misses you.
The gnoll hits you with a +0 flail.
You closely miss the gnoll.
The gnoll is almost dead.
The gnoll hits you from afar with a +0 halberd.
The gnoll hits you with a +0 flail.
* * * LOW HITPOINT WARNING * * *
You sock the gnoll!
You kill the gnoll!
Trog accepts your kill. The gnoll hits you with a +0 halberd.
* * * LOW HITPOINT WARNING * * *
The gnoll hits you but does no damage. You block the gnoll's attack.
You see here a +0 flail.
You sock the gnoll! You freeze the gnoll.
The gnoll is severely wounded.
The gnoll barely misses you. The gnoll hits you with a +0 whip.
* * * LOW HITPOINT WARNING * * *
The gnoll hits you from afar with a +0 spear.
* * * LOW HITPOINT WARNING * * *
You feel a strong urge to attack something.
You are no longer berserk.
You are exhausted.
You feel yourself slow down.
Your attacks no longer feel as feeble.
The gnoll bouda barks out a call to the hunt!
The gnolls pick up the pace!
The gnoll misses you. The gnoll hits you with a +0 whip.
* * * LOW HITPOINT WARNING * * *
There is an escape hatch in the ceiling here.
The gnoll hits you from afar with a +0 halberd.
You die...

#.# #... .... .# #.#
#.. #.. . . #.# #..
#.# .# .# #.# #.#
##.##.#.. #.#####.#
#......>
#.#..##.###..$#
#...8gg...gg..#
#.##g##g####.......#
#.8@∩.8.# ##.....##
####.##?# ##.###
..8##.# .# .#..##.#
# ....#.. ...#....
... .# #.#. ##


You could see 3 gnolls and a goblin.

Vanquished Creatures
  Sigmund (D:3)
  Crazy Yiuf (D:3)
  Robin (D:2)
  A gnoll (D:4)
  5 adders
  A dart slug (D:2)
  6 orcs (D:3)
  An endoplasm (D:3)
  5 giant cockroaches
  16 goblins
  7 hobgoblins
  3 jackals (D:2)
  4 kobolds
  A quokka (D:2)
  A ball python (D:1)
  2 bats
  3 frilled lizards
  7 rats
66 creatures vanquished.

Notes
Turn   | Place    | Note
-------+----------+-------------------------------------------
     0 | D:1      | KittyFluff the Gargoyle Berserker began the quest for the
                  | Orb.
     0 | D:1      | Reached XP level 1. HP: 14/14 MP: 1/1
   182 | D:1      | Found Oggafargh's Armour Shop.
   216 | D:1      | Found a faded altar of an unknown god.
   552 | D:1      | Reached XP level 2. HP: 19/19 MP: 2/2
   938 | D:2      | Found a glowing silver altar of Zin.
  1028 | D:2      | Reached XP level 3. HP: 24/24 MP: 3/3
  1147 | D:2      | Noticed Robin
  1169 | D:2      | Reached ** piety under Trog
  1175 | D:2      | Killed Robin
  1176 | D:2      | Reached XP level 4. HP: 26/29 MP: 4/4
  2017 | D:3      | Found a runed translucent door.
  2018 | D:3      | Noticed Crazy Yiuf
  2025 | D:3      | Killed Crazy Yiuf
  2211 | D:3      | Reached XP level 5. HP: 33/33 MP: 5/5
  2553 | D:3      | Noticed Sigmund
  2574 | D:3      | Killed Sigmund
  2575 | D:3      | Reached skill level 1 in Staves
  2575 | D:3      | Reached skill level 1 in Stealth
  2575 | D:3      | Reached XP level 6. HP: 39/39 MP: 6/6
  2838 | D:4      | Found Hibac's Assorted Antiques.
  2907 | D:4      | Found a hazy altar of Hepliaklqana.
  2964 | D:4      | Found Biceogg's Assorted Antiques.
  3196 | D:4      | Found Puanawim's Antique Armour Emporium.
  3225 | D:4      | HP: 2/58 [gnoll/+0 spear[a gnoll bouda] (6)]
  3231 | D:4      | HP: 1/39 [gnoll/+0 whip[a gnoll bouda] (1)]
  3233 | D:4      | Slain by a gnoll

Illustrated notes

Levels and vault maps discovered:
D:1:      matt_arrival_diagonals, layout_basic, ebering_ecumenical_altar_webs,
          serial_shops, nicolae_shop_stone
D:2:      layout_basic, basic_altar, minmay_misc_feat_five, uniq_robin
D:3:      layout_basic, interstate_on_off, minmay_checkerbox,
          uniq_crazy_yiuf_cottage, uniq_sigmund
D:4:      layout_loops_ring, nzn_hepliaklqana_mist_gate, serial_shops,
          shop_fountains, shop, nicolae_lakefront_shop, shop,
          nicolae_shop_statue_plus, minmay_misc_feat_room, eino_tiny_chamber,
          grunt_ministairs_1

Skill      XL: |  1  2  3  4  5  6 |
---------------+-------------------+-----
Dodging        | 2 |  2.8
Maces & Flails | 4 |  4.8
Fighting       | 4 |  4.4
Staves         | 1 2 |  2.1
Stealth        | 1 |  1.4
Armour         | |  2.1
Shields        | |  0.9

Action                   |  1- 3 |  4- 6 || total
-------------------------+-------+-------++-------
Melee: Mace              |    93 |    36 ||   129
       Quarterstaff      |       |    50 ||    50
Invok: Berserk           |     1 |     3 ||     4
  Use: Scroll            |     3 |     2 ||     5
 Stab: Sleeping          |       |     1 ||     1
Armor: Animal skin       |    41 |    26 ||    67
Dodge: Dodged            |    53 |    48 ||   101
Block: Other             |     1 |    17 ||    18
       Reflection        |       |     2 ||     2
